 Dungeon Crawl Stone Soup version 0.16.1-4-g8e1b745 (console) character file.

107 gw the Ruffian (level 5, 0/38 HPs)
             Began as a Formicid Transmuter on Mar 27, 2015.
             Was an Initiate of Okawaru.
             Slain by gw's ghost (6 damage)
             ... on level 3 of the Dungeon.
             The game lasted 00:04:31 (4388 turns).

gw the Ruffian (Formicid Transmuter)                Turns: 4388, Time: 00:04:32

Health: 0/38       AC:  4    Str: 14    XL:     5   Next: 11%
Magic:  13/13      EV: 11    Int: 14    God:    Okawaru [......]
Gold:   168        SH:  0    Dex: 11    Spells: 3 memorised, 2 levels left

rFire  + . .     SeeInvis +       - Unarmed
rCold  . . .     Clarity  .     m - +0 leather armour {rF+}
rNeg   . . .     SustAb   .     (no shield)
rPois  .         Gourm    .     (helmet unavailable)
rElec  .         Spirit   .     f - +0 cloak
rCorr  .         Warding  .     (no gloves)
rMut   .         Stasis   +     (boots unavailable)
MR     .....                    (no amulet)
Stlth  +.........               (no ring)
                                (no ring)

@: appendage (expiring), not resistant to hostile enchantments, very unstealthy
A: permanent stasis, dig shafts and tunnels, four strong arms, antennae 3,
talons 3
a: Dig, Shaft Self, End Transformation, Renounce Religion


You were on level 3 of the Dungeon.
You worshipped Okawaru.
Okawaru was noncommittal.
You were not hungry.
You had grown temporary talons.
You visited 1 branch of the dungeon, and saw 3 of its levels.

You collected 168 gold pieces.

Inventory:

Missiles
 b - 35 arrows
 c - 14 poisoned needles
 n - 55 stones (quivered)
Armour
 f - a +0 cloak (worn)
 m - a +0 leather armour of fire resistance (worn)
Magical devices
 h - a wand of magic darts (24)
 k - a wand of digging (3)
Scrolls
 e - 2 scrolls of fear
Potions
 g - a potion of curing
Books
 d - a book of Changes

   Spells                             Type                      Level
   a - Beastly Appendage              Transmutation                1
   b - Sticks to Snakes               Transmutation                2
   c - Spider Form                    Transmutation/Poison         3
   d - Ice Form                       Ice/Transmutation            4
   e - Blade Hands                    Transmutation                5
Comestibles
 a - 2 bread rations
 o - a beef jerky


   Skills:
 + Level 2.1 Fighting
 + Level 2.1 Armour
 - Level 1.7 Dodging
 + Level 3.4 Unarmed Combat
 + Level 3.0 Spellcasting
 * Level 2.9 Transmutations
 + Level 0.5 Invocations


You had 2 spell levels left.
You knew the following spells:

 Your Spells              Type           Power        Failure   Level  Hunger
a - Beastly Appendage     Trmt           ##....       10%         1    #......
b - Spider Form           Trmt/Pois      #.........   47%         3    ###....
c - Ice Form              Ice/Trmt       #.......     98%         4    #####..


Dungeon Overview and Level Annotations

Branches:
Dungeon (3/15)

Altars:
Elyvilon
Nemelex Xobeh
Okawaru
Vehumet
Zin
The Shining One

Annotations:
D:2 exclusion: downstairs
D:3 gw's ghost, average FeEE


Innate Abilities, Weirdness & Mutations

You are under a permanent stasis effect.
You can dig through walls and to a lower floor.
Your four strong arms can wield two-handed weapons with a shield.
You have a pair of large antennae on your head (SInv).
You have claws for feet.


Message History

Gw's ghost says, "Missed me!"
Gw's ghost hits you.
Unknown command.
Unknown command.
Unknown command.
MOVING TO (-1,6) Unknown command.
Unknown command.
Unknown command.
MOVING TO (-1,5) Unknown command.
Unknown command.
Unknown command.
MOVING TO (-1,4) Unknown command.
Unknown command.
Unknown command.
MOVING TO (-1,3) Gw's ghost hits you.
You die...

#.# #......# #.# ### #......#
#.# ########.# #<.....#
##)####........# #.......
#..........###.#####......#
#..........# #............. #.
#..........###..#######...#
#.##.........W+.#.......#..#.#
# ............a#.#.....#.#..#.#
#..#.#+#....#.##.#..........#.#
#.......................%#.##..
##.#.#......#............#.# #.
#)#....#..#...#..#..### .
#.##.###..#####.....# { .
#<.................##
####.#.##.#####.#.## ....##.#
#.#%#


You could see gw's ghost.

Table legend:
 A = Turns spent in this place as a percentage of turns spent in the entire game.
 B = Non-inter-level travel turns spent in this place as a percentage of non-inter-level travel turns spent in the entire game.
 C = Inter-level travel turns spent in this place as a percentage of turns spent in this place.
 D = Turns resting spent in this place as a percentage of non-inter-level travel turns spent in this place.
 E = Turns spent auto-exploring this place as a percentage of non-inter-level travel turns spent in this place.
 F = Non-inter-level travel turns spent in this place divided by the number of levels of this place that you've seen.
                   A       B       C       D       E      F
               +-------+-------+-------+-------+-------+----------------------
         Total | 100.0 | 100.0 |   0.3 |   2.5 |   2.2 | 2141.7
       Dungeon | 100.0 | 100.0 |   0.3 |   2.5 |   2.2 | 2141.7
               +-------+-------+-------+-------+-------+----------------------

Table legend:
 A = Kills in this place as a percentage of kills in entire the game.
 B = Kills by you in this place as a percentage of kills by you in the entire game.
 C = Kills by friends in this place as a percentage of kills by friends in the entire game.
 D = Other kills in this place as a percentage of other kills in the entire game.
 E = Experience gained in this place as a percentage of experience gained in the entire game.
 F = Experience gained in this place divided by the number of levels of this place that you have seen.
                   A       B       C       D       E      F
               +-------+-------+-------+-------+-------+----------------------
         Total | 100.0 | 100.0 |  -nan |  -nan | 100.0 |  51.3
       Dungeon | 100.0 | 100.0 |  -nan |  -nan | 100.0 |  51.3
               +-------+-------+-------+-------+-------+----------------------

Vanquished Creatures
  5 adders (D:2)
  A worm (D:2)
  4 bats
  2 giant cockroaches
  10 hobgoblins
  2 jackals (D:2)
  3 quokkas
  A ball python (D:1)
  A giant gecko (D:1)
  5 giant newts
  11 goblins
  6 kobolds
  8 rats
59 creatures vanquished.

Notes
Turn   | Place    | Note
--------------------------------------------------------------
     0 | D:1      | gw, the Formicid Transmuter, began the quest for the Orb.
     0 | D:1      | Reached XP level 1. HP: 15/15 MP: 3/3
   399 | D:1      | Reached XP level 2. HP: 21/21 MP: 3/5
   830 | D:1      | Reached skill level 1 in Armour
  1233 | D:1      | Reached XP level 3. HP: 19/26 MP: 7/7
  1321 | D:1      | Learned a level 3 spell: Spider Form
  1947 | D:2      | Found a radiant altar of Vehumet.
  2218 | D:2      | Reached XP level 4. HP: 18/33 MP: 7/9
  2440 | D:2      | Learned a level 4 spell: Ice Form
  2711 | D:2      | Found a sparkling altar of Nemelex Xobeh.
  2712 | D:2      | Found an iron altar of Okawaru.
  2737 | D:2      | Became a worshipper of Warmaster Okawaru
  3119 | D:2      | Found a glowing golden altar of the Shining One.
  3119 | D:2      | Found a white marble altar of Elyvilon.
  3122 | D:2      | Found a glowing silver altar of Zin.
  3563 | D:3      | Noticed gw's ghost (average FeEE)
  3748 | D:2      | HP: 1/33 [adder (5)]
  3985 | D:2      | Reached XP level 5. HP: 31/38 MP: 10/12
  4388 | D:3      | Slain by gw's ghost

Action                   |  1- 3 |  4- 6 || total
-------------------------+-------+-------++-------
Melee: Unarmed           |   131 |   160 ||   291
Throw: Stone             |       |    61 ||    61
 Cast: Beastly Appendage |    30 |    32 ||    62
  Use: Potion            |     4 |     2 ||     6
       Scroll            |     3 |     3 ||     6
  Eat: Chunk             |     1 |     7 ||     8
       Bread ration      |     1 |       ||     1

Vault maps used:
D:1:      wheals_arrival_linesprint, serial_co_window_serial,
          co_window_of_opportunity_a, co_window_paths_a, co_window_paths_a,
          co_window_of_opportunity_a, co_window_of_opportunity_a,
          co_window_corner_cb, co_window_2corner, co_window_of_opportunity_b,
          co_window_paths_c, co_window_broadway_c, co_window_unsneaky_path_d,
          solitary_fountain
D:2:      good_gods_temple_1, gammafunk_temple_overflow_statue, vehumet_crystals
D:3:      gammafunk_temple_overflow_pools, lemuel_doored_altar, first_bread,
          grunt_ministairs_8
